Map: Cañón atribulado

Players

TATORREA - Winner!

  • Race: Protoss Protoss
  • League: Gold
  • Spawn Location: 6:00

MrFercho - Winner!

  • Race: Zerg Zerg
  • League: Silver
  • Spawn Location: 6:00

tigro - Winner!

  • Race: Terran Terran
  • League: Bronze
  • Spawn Location: 7:00

Chozame

  • Race: Terran Terran
  • Spawn Location: 3:00

Biggz

  • Race: Terran Terran
  • Spawn Location: 12:00

moita

  • Race: Zerg Zerg
  • Spawn Location: 12:00

VOD

Have the link to the VOD?

Description

Time

  • Played on: July 8, 2020, 9:37 p.m.
  • Length: 11:07
Show
View Real Time Build Order
Export as new Build Order

TATORREA Protoss - Winner!

Build Orders:  

Get SALT Encoding   

  12  0:02  Probe  
  13  0:14  Probe  
  13  0:20  Pylon  
  14  0:26  Probe  
  15  0:38  Probe  
  15  0:42  Gateway  
  16  0:50  Probe  
  16  0:55  Assimilator  
  17  1:03  Probe  
  18  1:10  Pylon  
  18  1:15  Probe  
  19  1:27  Probe  
  20  1:34  Cybernetics Core  
  20  1:38  Assimilator  
  20  1:39  Probe  
  21  1:45  Gateway  
  21  1:48  Gateway  
  21  1:51  Probe  
  22  2:02  Gateway  
  22  2:03  Probe  
  23  2:12  Warp Gate  
  23  2:16  Stalker  
  25  2:41  Stalker  
  25  2:43  Sentry  
  29  2:48  Stalker  
  31  2:58  Pylon  
  31  3:02  Pylon  
  31  3:16  Stalker  
  31  3:40  Stalker  
  35  3:54  Nexus  
  35  3:55  Probe  
  28  4:12  Probe  
  29  4:18  Robotics Facility  
  29  4:24  Stalker x3, Probe  
  33  4:25  Stalker  
  38  4:46  Probe  
  39  4:57  Stalker x3  
  39  4:58  Probe  
  46  5:17  Stalker  
  48  5:27  Pylon  
  48  5:31  Pylon  
  48  5:33  Pylon  
  48  5:39  Stalker x2  
  48  5:41  Stalker  
  54  5:56  Immortal  
  58  5:57  Probe  
  58  6:00  Probe  
  60  6:09  Probe  
  61  6:12  Probe  
  50  6:31  Stalker  
  50  6:32  Stalker x3  
  46  7:11  Stalker x4  
  46  7:13  Probe x2  
  56  7:19  Immortal  
  60  7:25  Probe x2  
  62  7:37  Probe  
  53  8:01  Observer  
  53  8:03  Stalker x2  
  53  8:04  Stalker x2  
  60  8:40  Stalker x4  
  68  8:43  Immortal  
  64  9:05  Stalker x2  
  64  9:06  Stalker  
  70  9:21  Stalker  
  68  9:47  Stalker x2  
  68  9:48  Stalker x2  
  68  9:51  Probe  
  68  9:52  Probe  
  76  9:57  Assimilator  
  76  10:01  Assimilator  
  76  10:06  Nexus  
  76  10:09  Pylon  
  76  10:12  Pylon  
  76  10:17  Probe x2  
  76  10:18  Gateway  
  76  10:20  Gateway  
  78  10:22  Gateway  
  78  10:28  Gateway  
  78  10:29  Probe x2  
  78  10:31  Gateway  
  78  10:33  Gateway  
  80  10:36  Gateway  
  80  10:38  Gateway  
  80  10:41  Gateway  
Show
View Real Time Build Order
Export as new Build Order

MrFercho Zerg - Winner!

Build Orders: Hatch First 

Get SALT Encoding   

  12  0:01  Drone  
  13  0:14  Overlord  
  13  0:18  Drone  
  14  0:32  Drone x2  
  16  0:53  Hatchery  
  15  1:00  Drone x2  
  15  1:03  Drone  
  18  1:09  Extractor  
  17  1:21  Spawning Pool  
  17  1:22  Drone  
  17  1:26  Drone  
  17  1:32  Drone  
  19  1:42  Drone  
  20  1:55  Drone  
  21  2:04  Overlord  
  21  2:06  Drone  
  21  2:08  Queen  
  22  2:09  Queen  
  26  2:15  Metabolic Boost  
  26  2:24  Drone x2  
  26  2:26  Drone  
  29  2:32  Drone  
  29  2:36  Drone  
  31  2:37  Drone  
  32  2:55  Drone x2  
  32  2:58  Drone  
  35  3:04  Zergling x2  
  36  3:13  Overlord x2  
  36  3:27  Overlord  
  36  3:35  Roach Warren  
  36  3:36  Drone x6  
  41  3:51  Hatchery  
  39  4:05  Drone x5  
  44  4:22  Drone x2  
  44  4:23  Drone  
  47  4:29  Drone  
  48  4:49  Overlord x3  
  48  5:05  Roach x7  
  62  5:13  Queen  
  64  5:16  Drone x4  
  64  5:20  Zergling x8  
  72  5:31  Zergling x6  
  71  6:09  Zergling x16  
  71  6:10  Zergling x12  
  79  6:16  Zergling x6  
  71  6:23  Queen  
  72  6:29  Zergling x8  
  74  6:35  Zergling x4  
  72  6:56  Zergling x16  
  70  7:20  Zergling x20  
  71  7:29  Zergling x4  
  60  7:55  Drone x2  
  50  8:07  Zergling x8  
  50  8:08  Zergling x16  
  56  8:26  Zergling x6  
  56  8:27  Zergling x10  
  63  8:35  Evolution Chamber  
  56  8:54  Extractor  
  49  8:56  Extractor  
  49  9:00  Lair  
  48  9:04  Zerg Melee Weapons Level 1  
  48  9:08  Extractor  
  48  9:09  Zergling x2  
  52  9:10  Zergling x24  
  52  9:35  Baneling Nest  
  52  9:38  Zergling x18  
  60  9:47  Hatchery  
  48  10:17  Roach x4  
  48  10:18  Roach x9  
  73  10:29  Zergling x8  
  73  10:31  Zergling x2  
Show
View Real Time Build Order
Export as new Build Order

tigro Terran - Winner!

Build Orders:  

Get SALT Encoding   

  12  0:02  SCV  
  13  0:14  SCV  
  14  0:23  Supply Depot  
  14  0:27  SCV  
  15  0:36  Refinery  
  15  0:44  SCV  
  15  0:48  Barracks  
  16  0:58  SCV  
  17  1:07  Refinery  
  17  1:10  SCV  
  18  1:23  SCV  
  19  1:30  Supply Depot  
  19  1:35  SCV  
  19  1:37  Marine  
  21  1:47  SCV  
  22  1:55  Marine  
  22  2:00  Barracks  
  23  2:12  SCV  
  23  2:13  Marine  
  25  2:22  Engineering Bay  
  25  2:24  SCV  
  26  2:30  Marine  
  27  2:48  Marine  
  27  2:51  Factory  
  28  2:52  Barracks Reactor  
  24  3:08  Barracks Tech Lab  
  24  3:34  Marine x2  
  24  3:37  Combat Shield  
  26  3:41  Factory Tech Lab  
  26  3:46  Orbital Command  
  26  3:48  Terran Infantry Weapons Level 1  
  26  3:52  Marine x2  
  28  4:02  Siege Tank  
  30  4:10  Marine  
  30  4:16  Marine  
  32  4:24  Marine  
  32  4:27  Marine  
  33  4:34  Marine, Siege Tank  
  37  4:42  Marine  
  38  4:56  Stimpack  
  38  5:00  Marine  
  39  5:39  Starport  
  39  5:42  Terran Infantry Armor Level 1  
  39  5:48  Marine  
  36  6:06  Marine  
  37  6:17  Starport  
  37  6:56  Starport Tech Lab  
  37  6:57  Starport Tech Lab  
  37  7:34  Medivac  
  39  7:48  Marine  
  39  7:49  Marine x2  
  42  7:56  Medivac  
  42  7:57  Command Center  
  44  8:06  Marine x3  
  44  8:07  Fusion Core  
  47  8:30  Marine x2  
  47  8:31  Marine  
  37  8:48  Marine x2  
  39  8:49  Marine  
  39  8:54  Siege Tank  
  43  9:01  Armory  
  43  9:06  Marine x2  
  43  9:07  Marine  
  43  9:09  Battlecruiser  
  52  9:23  Marine x2  
  54  9:24  Marine  
  54  9:26  Siege Tank  
  58  9:41  Marine x2  
  58  9:42  Marine  
  61  9:59  Marine  
  62  10:04  Refinery  
  62  10:15  Refinery  
  62  10:37  Supply Depot  
  62  11:00  Supply Depot  
Show
View Real Time Build Order
Export as new Build Order

Chozame Terran 

Build Orders:  

Get SALT Encoding   

  12  0:03  SCV  
  13  0:15  SCV  
  13  0:20  Supply Depot  
  14  0:28  SCV  
  15  0:42  SCV  
  16  0:45  Barracks  
  16  0:54  SCV  
  17  1:00  Refinery  
  17  1:05  Engineering Bay  
  17  1:20  SCV  
  18  1:29  Refinery  
  18  1:33  SCV  
  18  1:34  Supply Depot  
  19  1:41  Marine  
  19  1:45  SCV  
  21  1:57  SCV  
  22  2:05  Terran Infantry Weapons Level 1  
  22  2:09  SCV  
  23  2:27  Factory  
  23  2:29  Command Center  
  23  2:36  SCV  
  24  2:49  Orbital Command  
  24  2:53  Engineering Bay  
  24  3:12  Armory, Factory Tech Lab  
  24  3:14  Barracks Tech Lab  
  24  3:22  Terran Infantry Armor Level 1  
  24  3:32  Barracks  
  24  3:41  Supply Depot  
  24  3:45  SCV  
  25  3:48  SCV  
  26  3:57  SCV  
  26  4:00  SCV  
  26  4:01  Terran Infantry Weapons Level 2  
  28  4:11  SCV  
  28  4:12  Marine  
  28  4:13  SCV  
  28  4:15  Stimpack  
  31  4:23  SCV  
  32  4:25  SCV  
  32  4:26  Barracks Reactor  
  33  4:35  SCV  
  33  4:36  Marine, Refinery  
  33  4:37  SCV  
  36  4:47  SCV  
  36  4:52  Drilling Claws  
  37  4:53  Widow Mine  
  37  4:54  Marine  
  40  5:00  Barracks  
  40  5:03  SCV  
  40  5:04  SCV  
  42  5:10  Refinery  
  42  5:12  Marine  
  43  5:14  Widow Mine  
  43  5:16  Marine x2  
  47  5:25  SCV x2  
  49  5:30  Marine  
  49  5:34  Marine  
  51  5:36  Widow Mine  
  51  5:40  SCV  
  54  5:44  Supply Depot  
  54  5:48  Barracks Reactor  
  54  5:54  Barracks x2  
  54  5:59  Supply Depot  
  54  6:05  Marine x3, SCV  
  54  6:07  Terran Infantry Armor Level 2  
  54  6:09  Widow Mine  
  58  6:23  Marine x3  
  59  6:26  Marine x2  
  54  6:36  Widow Mine  
  53  6:40  Marine x2  
  53  6:41  Marine x3  
  53  6:44  Marine x2  
  55  6:58  Marine x3  
  55  6:59  Marine x2  
  59  7:01  Marine  
  59  7:02  Marine  
  56  7:16  Marine x3  
  56  7:17  Marine x2  
  56  7:19  Marine x2  
  57  7:24  Widow Mine  
  58  7:34  Marine x4  
  58  7:35  Marine  
  57  7:37  Marine x2  
  48  7:46  Widow Mine  
  39  7:52  Marine x5  
  39  7:55  Marine x2  
  39  7:58  SCV x2  
  42  8:07  Widow Mine  
  42  8:10  Marine x5, SCV x2  
  50  8:13  Marine x2  
  52  8:22  Starport  
  52  8:27  Marine x3, SCV x2  
  51  8:28  Marine x2, Widow Mine  
  51  8:31  Marine x2  
  51  8:45  Marine x3  
  46  8:49  Marine x3  
  46  8:50  Widow Mine  
  41  9:01  Marine  
  37  9:03  Marine x2  
  37  9:04  SCV x2  
  37  9:06  Marine  
  37  9:07  Marine x2  
  44  9:15  Widow Mine  
  44  9:16  SCV  
  45  9:19  Marine  
  45  9:21  Marine x2  
  47  9:24  Marine x3  
  47  9:37  Marine  
  39  9:39  Marine x2  
  39  9:42  Marine x3  
  24  9:54  Marine  
  24  9:56  Marine x2  
Show
View Real Time Build Order
Export as new Build Order

Biggz Terran 

Build Orders:  

Get SALT Encoding   

  12  0:19  SCV  
  13  0:25  Supply Depot  
  13  0:31  Supply Depot  
  13  0:35  SCV  
  14  0:42  Refinery  
  14  0:48  Refinery  
  14  0:55  Supply Depot  
  14  1:00  SCV  
  15  1:36  Barracks  
  15  1:40  Engineering Bay, SCV  
  16  1:52  SCV  
  17  2:04  SCV  
  18  2:16  SCV  
  19  2:28  SCV  
  20  2:40  SCV  
  21  2:46  Command Center  
  21  2:53  SCV  
  21  2:56  Engineering Bay  
  22  3:05  SCV  
  23  3:20  Bunker  
  23  3:29  Neosteel Armor  
  23  3:37  Orbital Command  
  23  5:08  Planetary Fortress  
  23  5:17  Missile Turret  
  23  5:30  Barracks Tech Lab  
  23  5:37  Missile Turret  
  23  5:47  SCV  
  24  5:55  Missile Turret  
  24  6:05  Missile Turret  
  24  6:20  Barracks Tech Lab  
  24  6:23  Factory  
  24  6:25  Missile Turret  
  24  6:46  Factory  
  24  6:52  Barracks Tech Lab  
  24  7:30  Missile Turret  
  24  7:41  SCV  
  25  7:53  SCV  
  22  8:05  SCV  
  21  8:17  SCV  
  8  8:29  SCV  
  7  8:42  SCV  
  8  8:54  SCV  
  9  8:56  Factory  
  9  9:01  Refinery  
  9  9:06  SCV  
  10  9:11  Armory  
  10  9:18  SCV  
  11  9:27  Refinery  
  11  9:30  SCV  
  12  9:42  SCV  
  13  9:54  SCV  
  14  10:06  SCV  
Show
View Real Time Build Order
Export as new Build Order

moita Zerg 

Build Orders: Hatch First 

Get SALT Encoding   

  12  0:09  Drone  
  13  0:34  Drone  
  14  0:36  Overlord  
  14  0:54  Hatchery  
  13  0:59  Drone x2  
  15  1:11  Drone x2  
  17  1:22  Spawning Pool  
  16  1:29  Drone  
  17  1:51  Hatchery  
  16  1:58  Drone x2  
  18  2:07  Drone x2  
  20  2:13  Drone  
  21  2:20  Drone  
  21  2:21  Drone  
  23  2:28  Roach Warren  
  22  2:33  Evolution Chamber  
  21  2:38  Zergling x2  
  21  2:39  Zergling x2  
  23  2:44  Spine Crawler  
  23  2:46  Spine Crawler  
  23  2:49  Zergling x2  
  22  3:02  Zergling x2  
  23  3:07  Zergling x8  
  27  3:18  Drone  
  28  3:22  Zergling x4  
  28  3:38  Zergling x8, Drone  
  29  3:58  Zergling x4  
  29  3:59  Zergling x6  
  29  4:01  Overlord  
  33  4:03  Overlord  
  33  4:12  Overlord  
  29  4:39  Zergling x2  
  29  4:40  Zergling x8  
  29  4:41  Zergling x8  
  36  4:58  Spine Crawler  
  34  5:00  Drone  
  28  5:26  Extractor, Hatchery  
  28  5:27  Hatchery  
  23  5:32  Zergling x6  
  22  6:14  Zergling x6  
  22  6:51  Zergling x6  
  22  6:52  Zergling x6  
  26  6:54  Zergling x2  
  8  7:14  Drone x2  
  8  7:15  Queen  
  7  7:17  Queen  
  7  7:18  Drone  
  7  7:19  Drone  
  13  7:27  Zergling x2  
  13  7:28  Zergling x8  
  17  7:35  Drone  
  17  7:36  Drone  
  19  7:48  Drone  
  20  8:03  Drone x4  
  24  8:29  Drone x5  
  24  8:30  Drone x4  
  33  8:50  Drone x2  
  33  8:51  Drone  
  36  8:57  Spawning Pool  
  35  9:06  Drone  
  35  9:08  Drone x5  
  41  9:27  Overlord x4  
  41  9:28  Overlord  
  41  9:45  Zergling x20  
  51  9:54  Zergling x4  
  51  9:55  Zergling x2  
  45  10:07  Zergling x4  
  45  10:08  Zergling x6  
  45  10:09  Zergling x2  
Tags
 
Add a new tag
Caveats
  • Supply blocks, unpowered buildings, or Contaminate may cause inaccurate times.
  • Supply counts are checked every 10 seconds.